 Dungeon Crawl Stone Soup version 0.27.1-3-gb3d3a73c9e (webtiles) character file.

Game seed: 8442516209743767107

70 Crownlay the Chopper (level 4, -2/39 HPs)
             Began as a Hill Orc Fighter on Oct 21, 2021.
             Succumbed to an orc's poison
             ... on level 4 of the Dungeon.
             The game lasted 00:02:31 (1898 turns).

Crownlay the Chopper (Hill Orc Fighter)             Turns: 1898, Time: 00:02:31

Health: -2/39      AC:  6    Str: 19    XL:     4   Next: 21%
Magic:  4/4        EV:  7    Int:  8    God:
Gold:   70         SH:  9    Dex: 10    Spells: 3/3 levels left

rFire    . . .     SeeInvis .   a - +0 war axe
rCold    . . .     Faith    .   c - +0 kite shield
rNeg     . . .     Spirit   .   b - +0 scale mail
rPois    .         Reflect  .   (no helmet)
rElec    .         Harm     .   (no cloak)
rCorr    .         Rampage  .   (no gloves)
Will     .....                  (no boots)
Stlth    ..........             (no amulet)
HPRegen  0.13/turn              (no ring)
MPRegen  0.09/turn              (no ring)

@: brilliant, lethally poisoned (-2 -> -22)
A: no striking features
a: no special abilities


You were on level 4 of the Dungeon.
You visited 1 branch of the dungeon, and saw 3 of its levels.

You collected 70 gold pieces.

Inventory:

Hand Weapons
 a - a +0 war axe (weapon)
Missiles
 h - a throwing net (quivered)
Armour
 b - a +0 scale mail (worn)
 c - a +0 kite shield (worn)
Scrolls
 e - 2 scrolls of vulnerability {unknown}
 f - a scroll of amnesia {unknown}
Potions
 d - a potion of might


   Skills:
 - Level 3.6 Fighting
 * Level 5.0 Axes
 - Level 3.2 Armour
 + Level 4.1 Shields


You had 3 spell levels left.
You didn't know any spells.
Your spell library contained the following spells:

 Spells                   Type           Power      Damage    Failure   Level
 Dazzling Flash           Conj/Hex       0%         N/A       100%        3
 Cause Fear               Hex            0%         N/A       100%        4
 Hailstorm                Conj/Ice       0%         3d3       100%        4
 Ice Form                 Ice/Tmut       0%         N/A       100%        4


Dungeon Overview and Level Annotations

Branches:
Dungeon (2/15)

Altars:

Shops:
D:4 (


Message History

You kill the orc!
The orc hits you from afar with a +0 trident of venom!
You block the goblin's attack.
You closely miss the goblin. You miss something. You block the orc's attack.
Something hits you but does no damage. The goblin hits you with a +0 dagger.
The orc hits you but does no damage.
You are poisoned.
You slash the goblin!
You kill the goblin!
You miss something.
You feel very sick. The orc closely misses you.
Something hits you but does no damage.
You closely miss something.
You feel sick.
The orc hits you from afar with a +0 trident of venom.
You are more poisoned.
You block the orc's attack.
You barely miss something.
You feel very sick.
You hear some strange, mumbled words.
Something tries to affect you, but you resist.
The orc hits you from afar with a +0 trident of venom.
You are lethally poisoned!
Something hits you.
You are too injured to fight recklessly!
You are too injured to fight recklessly!
Okay, then.
Okay, then.
You miss something.
* * * LOW HITPOINT WARNING * * *
You feel very sick. The orc hits you but does no damage.
You are more poisoned.
You hit something.
* * * LOW HITPOINT WARNING * * *
You feel extremely sick. The orc completely misses you.
Something hits you but does no damage. You block the orc's attack.
Something hits you but does no damage.
It was a potion of brilliance.
You feel clever all of a sudden.
You die...

##..##
##.#
#.#..#
####.#
#.## ##.#
#.### #
#...#...#
##).....#
#@#####...
#.{## .#
#o# #..
#.# ##


You could see an orc.

Vanquished Creatures
  A gnoll (D:1)
  2 adders (D:2)
  An adder skeleton (D:4)
  2 orcs (D:4)
  2 bats (D:1)
  3 endoplasms (D:1)
  4 goblins
  A hobgoblin (D:1)
  2 kobolds
  3 quokkas
  3 training dummies (D:4)
  6 ball pythons
  3 frilled lizards (D:1)
  2 rats (D:1)
35 creatures vanquished.

Vanquished Creatures (others)
  A bat (D:1)
  A goblin (D:1)
2 creatures vanquished.

Grand Total: 37 creatures vanquished

Notes
Turn   | Place    | Note
-------+----------+-------------------------------------------
     0 | D:1      | Crownlay the Hill Orc Fighter began the quest for the Orb.
     0 | D:1      | Reached XP level 1. HP: 19/19 MP: 1/1
    54 | D:1      | Reached skill level 3 in Axes
   310 | D:1      | Reached XP level 2. HP: 14/26 MP: 2/2
   867 | D:1      | Reached skill level 4 in Axes
   867 | D:1      | Reached XP level 3. HP: 6/31 MP: 3/3
  1644 | D:2      | Got the Tome of Ensnaring Snow
  1648 | D:2      | You fall into a shaft and drop 2 floors!
  1656 | D:4      | Reached XP level 4. HP: 36/39 MP: 4/4
  1682 | D:4      | Found Xoaseos's Firing Range.
  1890 | D:4      | Reached skill level 5 in Axes
  1898 | D:4      | Succumbed to an orc's poison

Illustrated notes

Levels and vault maps discovered:
D:1:      dpeg_arrival_rooms_a, layout_loops_cross,
          chequers_serial_rivers_small_a, lemuel_old_faithful
D:2:      layout_loops_ring, serial_shops, shop, minmay_distorted
D:4:      layout_layer_cave, hangedman_glass_teeth, nicolae_shop_firing_range

Skill      XL: |  1  2  3  4 |
---------------+-------------+-----
Axes           | 3 4 5 |  5.0
Shields        | 4 |  4.1
Fighting       | |  3.6
Armour         | |  3.2

Action                   |  1- 3 |  4- 6 || total
-------------------------+-------+-------++-------
Melee: War axe           |    96 |    16 ||   112
  Use: Potion            |       |     1 ||     1
Armor: Scale mail        |    47 |     7 ||    54
Dodge: Dodged            |    33 |     2 ||    35
Block: Kite shield       |    52 |     7 ||    59
